 Dungeon Crawl Stone Soup version 0.27-a0-686-gaed091b46b (webtiles) character file.

Game seed: 7843055297300261816

45 Dreamer the Skirmisher (level 3, -2/30 HPs)
             Began as a Formicid Berserker on Mar 21, 2021.
             Was a Follower of Trog.
             Slain by Jessica
             ... wielding a +0 dagger of holy wrath
              (4 damage)
             ... on level 1 of the Dungeon.
             The game lasted 00:03:54 (1752 turns).

Dreamer the Skirmisher (Formicid Berserker)         Turns: 1752, Time: 00:03:55

Health: -2/30      AC:  2    Str: 22    XL:     3   Next: 90%
Magic:  3/3        EV: 12    Int:  6    God:    Trog [*.....]
Gold:   85         SH:  0    Dex: 10    Spells: 2/2 levels left

rFire    . . .     SeeInvis +   a - +0 mace
rCold    . . .     Faith    .   (no shield)
rNeg     . . .     Spirit   .   b - +0 animal skin
rPois    .         Reflect  .   (helmet unavailable)
rElec    .         Harm     .   (no cloak)
rCorr    .         Rampage  .   (no gloves)
Will     .....                  (no boots)
Stlth    +.........             (no amulet)
HPRegen  0.10/turn              (no ring)
MPRegen  0.08/turn              (no ring)

@: no status effects
A: permanent stasis, dig shafts and tunnels, antennae 3, four strong arms
a: Dig, Shaft Self, Renounce Religion


You were on level 1 of the Dungeon.
You worshipped Trog.
Trog was aware of your devotion.
You visited 1 branch of the dungeon, and saw 2 of its levels.

You collected 85 gold pieces.

Inventory:

Hand Weapons
 a - a +0 mace (weapon)
Armour
 b - a +0 animal skin (worn)
Jewellery
 d - a ring of fire
Scrolls
 f - a scroll of noise {unknown}
 g - 2 scrolls of identify {unknown}
Potions
 c - a potion of brilliance {unknown}
 e - 2 potions of curing {unknown}
 h - a potion of invisibility {unknown}
 i - a potion of lignification {unknown}


   Skills:
 + Level 3.9 Fighting
 + Level 3.5 Maces & Flails
 + Level 3.0 Armour
 - Level 1.7 Dodging


You had 2 spell levels left.
You didn't know any spells.
Your spell library was empty.

Dungeon Overview and Level Annotations

Branches:
Dungeon (2/15)

Altars:

Annotations:
D:1 Jessica


Innate Abilities, Weirdness & Mutations

You cannot be hasted, slowed, berserked, paralysed or teleported.
You can dig through walls and to a lower floor.
You have a pair of large antennae on your head. (SInv)
Your four strong arms can wield two-handed weapons with a shield.


Message History

Jessica mumbles some strange words.
Jessica blinks!
You swing at nothing.
A rat comes into view.
Jessica gestures at you while chanting.
Your stasis prevents you from being slowed.
You hit Jessica.
Jessica is severely wounded.
Jessica mumbles some strange words.
Jessica seems to speed up.
A goblin comes into view.
You barely miss Jessica.
Jessica is severely wounded.
Jessica misses you. Jessica closely misses you.
You closely miss Jessica.
Jessica is severely wounded.
Jessica points at you and mumbles some strange words.
Pain shoots through your body! Jessica misses you.
Jessica hits you with a +0 dagger of holy wrath.
Jessica mumbles some strange words.
Jessica blinks!
Jessica misses you. The goblin closely misses you. Jessica closely misses you.
Jessica closely misses you. The goblin hits you. The rat bites you.
There is a stone staircase leading up here.
Jessica closely misses you. The goblin hits you.
* * * LOW HITPOINT WARNING * * *
Jessica hits you but does no damage.
The rat twitches its whiskers.
The rat misses you.
You climb upwards.
There is a stone staircase leading down here.
Jessica hits you with a +0 dagger of holy wrath.
* * * LOW HITPOINT WARNING * * *
The teleport trap disappears.
The goblin disappears!
You closely miss Jessica.
Jessica is severely wounded.
Jessica closely misses you.
Jessica hits you with a +0 dagger of holy wrath.
You die...

.........)....................# #
.........##≈≈................####
.......###≈≈##≈.......#..#.#.##..
##.....≈≈≈≈#≈≈#..##.#.#..#.#.####
##....##≈≈≈≈≈≈##....#.#..........
......#≈≈#≈≈≈#≈≈....#.#......####
......#≈≈≈≈≈≈≈≈#..>.#........#
##....#≈≈#≈≈#≈##r@..###.....##
###...#≈≈≈≈≈≈#.@#.## #.....#####
#...###≈≈#≈#....# #######....
#.....#≈##......# ##### #
#...............# ##
##...###........############ .##
#...# #...................# ..#
#...# #...................#
..###...# #...................#
...##...# #...................#


You could see Jessica (fast) and a rat.

Vanquished Creatures
  An adder (D:2)
  An ooze (D:1)
  A dart slug (D:1)
  A giant cockroach (D:1)
  2 hobgoblins (D:1)
  5 kobolds
  3 quokkas
  A bat (D:1)
  2 frilled lizards (D:1)
  7 goblins
  5 rats (D:1)
29 creatures vanquished.

Vanquished Creatures (others)
  An ooze (D:2)
  A worm (D:2)
  A rat (D:2)
3 creatures vanquished.

Grand Total: 32 creatures vanquished

Notes
Turn   | Place    | Note
-------+----------+-------------------------------------------
     0 | D:1      | Dreamer the Formicid Berserker began the quest for the Orb.
     0 | D:1      | Reached XP level 1. HP: 18/18 MP: 1/1
   115 | D:1      | Reached XP level 2. HP: 24/24 MP: 2/2
   582 | D:1      | Reached XP level 3. HP: 24/30 MP: 3/3
  1732 | D:2      | Noticed Jessica
  1752 | D:1      | Slain by Jessica

Illustrated notes

Levels and vault maps discovered:
D:1:      heliophobic_arrival_dark_side_of_the_moon, layout_basic, minivault_4
D:2:      layout_basic, general_overflow_altar, elyvilon_altar_4,
          due_unseen_surprise, uniq_jessica

Skill      XL: |  1  2  3 |
---------------+----------+-----
Armour         | 3 |  3.0
Fighting       | |  3.9
Maces & Flails | |  3.5
Dodging        | |  1.7

Action                   || total
-------------------------++-------
Melee: Mace              ||    92
 Abil: Dig               ||     1
Armor: Animal skin       ||     7
Dodge: Dodged            ||    67

Table legend: (Time is in decaauts)
 A = Elapsed time spent in this place.
 B = Non-inter-level travel time spent in this place.
 C = Inter-level travel time spent in this place.
 D = Time resting spent in this place.
 E = Time spent auto-exploring this place.
 F = Levels seen in this place.
 G = Mean time per level.
                   A        B        C        D        E       F      G
               +--------+--------+--------+--------+--------+-----+--------+
         Total |   1778 |   1730 |     48 |    743 |    687 |   2 |  889.0 |
       Dungeon |   1778 |   1730 |     48 |    743 |    687 |   2 |  889.0 |
               +--------+--------+--------+--------+--------+-----+--------+

Top non-repeatable levels by time:
     D:1: 1325 daAuts
     D:2: 452 daAuts
